 Dungeon Crawl Stone Soup version 0.31.0-4-g52a2dc7128 (webtiles) character file.

Game seed: 11603154349809844565

445 hikkokomori the Sneak (level 7, -2/41 HPs)
             Began as a Gargoyle Alchemist on Jan 23, 2024.
             Slain by an elf zombie (4 damage)
             ... in an ossuary.
             The game lasted 00:09:56 (3713 turns).

hikkokomori the Sneak (Gargoyle Alchemist)          Turns: 3713, Time: 00:09:56

Health: -2/41      AC: 17    Str: 12    XL:     7   Next: 3%
Magic:  12/12      EV: 10    Int: 23    God:
Gold:   209        SH:  4    Dex: 10    Spells: 3/13 levels left

rFire   . . .        y - +4 flail (protect)
rCold   . . .        o - +0 buckler
rNeg    + . .        z - +0 leather armour
rPois   ∞            (no helmet)
rElec   +            (no cloak)
rCorr   .            m - +1 pair of gloves
SInv    .            w - +0 pair of boots
Will    .....        n - amulet of magic regeneration
Stlth   ++           x - ring of wizardry
HPRegen 0.26/turn    A - +6 ring of intelligence
MPRegen 0.53/turn

%: wizardry (x1)
@: under a protective aura
A: sickness immunity, AC +4, negative energy resistance 1, electricity
resistance, torment resistance 1, petrification resistance
a: no special abilities


You were in an ossuary.
You visited 1 branch of the dungeon, and saw 4 of its levels.
You also visited: Ossuary.

You collected 209 gold pieces.

Inventory:

Hand Weapons
 e - a +0 spear
 t - a +0 whip of flaming
 y - a +4 flail of protection (weapon)
 B - a +1 flail of holy wrath
Missiles
 u - 5 poisoned darts
Armour
 a - a +0 robe
 m - a +1 pair of gloves (worn)
 o - a +0 buckler (worn)
 w - a +0 pair of boots (worn)
 z - a +0 leather armour (worn)
Magical Staves
 d - a staff of fire
Jewellery
 n - an amulet of magic regeneration (around neck)
 x - a ring of wizardry (left hand)
 A - a +6 ring of intelligence (right hand)
Scrolls
 g - a scroll of fear {unknown}
 h - a scroll of fog {unknown}
 i - a scroll of enchant weapon {unknown}
 p - a scroll of teleportation
 q - a scroll of immolation {unknown}
 r - a scroll of enchant armour {unknown}
 s - a scroll of noise {unknown}
Potions
 b - a potion of magic
 c - 2 potions of curing
 f - 2 potions of haste
 j - 3 potions of lignification
 k - a potion of brilliance
 l - a potion of attraction {unknown}
 v - a potion of might {unknown}


   Skills:
 + Level 3.4 Fighting
 - Level 1.5 Dodging
 - Level 4.4 Stealth
 + Level 1.7 Shields
 + Level 3.5 Spellcasting
 - Level 1.3 Conjurations
 + Level 3.7 Alchemy


You had 3 spell levels left.
You knew the following spells:

 Your Spells              Type           Power      Damage    Failure   Level
a - Sting                 Conj/Alch      60%        1d6       2%          1
b - Mercury Vapours       Alch/Air       24%        N/A       6%          2
c - Mephitic Cloud        Conj/Alch/Air  11%        N/A       12%         3
d - Olgreb's Toxic Radia  Alch           21%        N/A       17%         4

Your spell library contained the following spells:

 Spells                   Type           Power      Damage    Failure   Level
 Sticky Flame             Fire/Alch      12%        2d5       34%         4


Dungeon Overview and Level Annotations

Branches:
Dungeon (4/15)            Ossuary (1/1)
 Temple: D:4-7

Altars:
Cheibriados
Okawaru
Qazlal
Ru
Sif Muna

Shops:
D:1 :   D:2 =


Innate Abilities, Weirdness & Mutations

You are immune to sickness and miasma.
Your stone body is resilient. (AC +4)
You are immune to poison.
You resist negative energy. (rN+)
You are resistant to electric shocks. (rElec)
You are resistant to unholy torment.
You are immune to petrification.


Message History

You hit the elf zombie.
The elf zombie is almost destroyed.
The crocodile zombie is no longer weakened.
The crocodile zombie bites you but does no damage.
You block the elf zombie's attack.
The adder zombie bites you but does no damage.
The crocodile zombie closely misses you.
Your magical contamination has completely faded away.
You closely miss the adder zombie.
The adder zombie bites you but does no damage.
The elf zombie hits you but does no damage.
The adder zombie misses you.
You block the crocodile zombie's attack.
The elf zombie hits you but does no damage.
Unknown command.
You sock the adder zombie!
The adder zombie is heavily damaged.
The adder zombie bites you but does no damage.
The crocodile zombie barely misses you.
The elf zombie hits you but does no damage.
Unknown command.
You hit the adder zombie.
The adder zombie is severely damaged.
The adder zombie bites you but does no damage.
You block the adder zombie's attack. The crocodile zombie bites you!
The elf zombie hits you but does no damage.
Unknown command.
You barely miss the adder zombie.
The adder zombie is severely damaged.
The adder zombie bites you.
* * * LOW HITPOINT WARNING * * *
The crocodile zombie bites you but does no damage.
The elf zombie barely misses you. You block the adder zombie's attack.
Unknown command.
You closely miss the adder zombie.
The adder zombie is severely damaged.
The crocodile zombie bites you!
* * * LOW HITPOINT WARNING * * *
You block the adder zombie's attack. The elf zombie hits you.
You die...

#. ##### #..
+###.Z.#
#..#+.ZZ@ZZ#
#..#..####.#####.∩#
#..#'.# #.......#
#...'### +....####
#......########..
#................
#........∩..∩....
#################


You could see an adder zombie, a jackal zombie, a crocodile zombie, an elf
zombie and a human zombie.

Vanquished Creatures
  Sigmund (D:2)
  Edmund (D:4)
  A human zombie (Ossuary)
  2 orc wizards (D:4)
  An adder (D:4)
  A dart slug (D:4)
  3 orcs (D:4)
  4 bats
  9 endoplasms
  5 giant cockroaches
  6 hobgoblins
  4 kobolds
  3 quokkas
  9 ball pythons
  A ball python zombie (Ossuary)
  A frilled lizard (D:2)
  11 goblins
  2 jackal zombies (Ossuary)
  6 rats
71 creatures vanquished.

Notes
Turn   | Place    | Note
-------+----------+-------------------------------------------
     0 | D:1      | hikkokomori the Gargoyle Alchemist began the quest for the
                  | Orb.
     0 | D:1      | Reached XP level 1. HP: 10/10 MP: 3/3
    76 | D:1      | Found Taovidar's Book Emporium.
   401 | D:1      | Reached XP level 2. HP: 15/16 MP: 5/5
  1219 | D:2      | Reached skill level 1 in Fighting
  1411 | D:2      | Reached XP level 3. HP: 20/20 MP: 3/6
  1720 | D:2      | Noticed Sigmund
  1732 | D:2      | Killed Sigmund
  1733 | D:2      | Reached skill level 3 in Stealth
  1733 | D:2      | Reached XP level 4. HP: 20/27 MP: 3/8
  1733 | D:2      | Reached XP level 5. HP: 23/31 MP: 3/9
  2009 | D:2      | Learned a level 2 spell: Mercury Vapours
  2013 | D:2      | Learned a level 3 spell: Mephitic Cloud
  2018 | D:2      | Learned a level 4 spell: Olgreb's Toxic Radiance
  2080 | D:2      | Found Kebafept's Jewellery Emporium.
  2640 | D:3      | Found an iron altar of Okawaru.
  3107 | D:3      | Found a snail-covered altar of Cheibriados.
  3153 | D:3      | Found a stormy altar of Qazlal.
  3156 | D:3      | Found a shimmering blue altar of Sif Muna.
  3164 | D:3      | Found a sacrificial altar of Ru.
  3251 | D:4      | Reached skill level 4 in Stealth
  3289 | D:4      | Noticed Edmund
  3314 | D:4      | Killed Edmund
  3315 | D:4      | Reached skill level 1 in Shields
  3315 | D:4      | Reached XP level 6. HP: 37/37 MP: 8/11
  3617 | D:4      | Found a sand-covered staircase.
  3648 | Ossuary  | Entered an ossuary
  3671 | Ossuary  | Reached XP level 7. HP: 40/41 MP: 12/12
  3713 | Ossuary  | HP: 2/41 [crocodile zombie (9)]
  3713 | Ossuary  | Slain by an elf zombie

Illustrated notes

Levels and vault maps discovered:
D:1:      dreamdust_arrival_beginning_and_end, layout_loops_cross, serial_shops,
          nicolae_shop_statue_plus, minmay_misc_feat_ornament,
          minmay_stone_trees_small, minmay_parallelograms,
          ebering_dispersal_statue_hall, grunt_decor_arrowhead, minivault_19
D:2:      layout_loops_cross, serial_shops, shop, uniq_sigmund
D:3:      layout_basic, grunt_temple_overflow_cloverleaf,
          kennysheep_okawaru_gauntlet
D:4:      minmay_chambers_of_threes, layout_layer_cave, enter_ossuary_1,
          small_statue_intersection, minivault_1, nicolae_figureground_sparkle,
          uniq_edmund, uniq_blork_the_orc, uniq_grinder
Ossuary:  minmay_ossuary_two_tombs

Skill      XL: |  1  2  3  4  5 |
---------------+----------------+-----
Fighting       | 1 2 3 |  3.4
Stealth        | 3 4 |  4.4
Spellcasting   | 3 |  3.5
Alchemy        | 3 |  3.7
Shields        | 1 |  1.7
Dodging        | |  1.5
Conjurations   | |  1.3

Action                     |  1- 3 |  4- 6 |  7- 9 || total
---------------------------+-------+-------+-------++-------
  Melee: Spear             |    22 |    16 |       ||    38
         Staff             |     3 |       |       ||     3
         Flail             |       |    27 |    31 ||    58
   Cast: Sting             |    49 |    58 |       ||   107
         Mephitic Cloud    |       |     2 |       ||     2
         Mercury Vapours   |       |     1 |     2 ||     3
         Olgreb's Toxic Ra |       |     1 |       ||     1
    Use: Scroll            |       |     5 |       ||     5
   Stab: Sleeping          |     2 |     2 |       ||     4
         Confused          |       |     3 |       ||     3
 Armour: Robe              |    19 |    10 |       ||    29
         Leather armour    |       |    30 |    38 ||    68
  Dodge: Dodged            |    24 |    24 |    26 ||    74
  Block: Buckler           |       |     9 |    11 ||    20
